 Dungeon Crawl Stone Soup version 0.26-a0-964-g69f9a3b9e2 (webtiles) character file.

Game seed: 17048987238722084243

7234 streetpizza the Destroyer (level 10, 0/88 HPs)
             Began as a Green Draconian Conjurer on Dec 2, 2020.
             Was a Believer of Vehumet.
             Slain by a skeletal warrior
             ... wielding a +0 battleaxe
              (26 damage)
             ... on level 9 of the Dungeon.
             The game lasted 00:50:37 (12569 turns).

streetpizza the Destroyer (DrCj)                   Turns: 12569, Time: 00:50:40

Health: 0/88       AC: 11    Str:  9    XL:     10   Next: 88%
Magic:  13/23      EV: 13    Int: 29    God:    Vehumet [**....]
Gold:   560        SH:  0    Dex:  9    Spells: 24/27 levels left

rFire    . . .     SeeInvis .   o - +2 hand axe (elec)
rCold    . . .     Faith    .   (no shield)
rNeg     . . .     Spirit   .   (armour unavailable)
rPois    +         Reflect  .   (helmet restricted)
rElec    .         Harm     .   D - +2 cloak
rCorr    .         Rampage  .   k - +0 pair of gloves
MR       .....                  (no boots)
Stlth    ++........             n - amulet of magic regeneration
HPRegen  0.24/turn              z - ring of wizardry
MPRegen  0.43/turn              e - +6 ring of intelligence

@: no status effects
A: breathe noxious fumes, unfitting armour, poison resistance, cold-blooded, AC
+7
a: Breathe Noxious Fumes, Renounce Religion


You were on level 9 of the Dungeon.
You worshipped Vehumet.
Vehumet was pleased with you.
You visited 2 branches of the dungeon, and saw 11 of its levels.
You also visited: Sewer.

You collected 577 gold pieces.
You spent 17 gold pieces at shops.

Inventory:

Hand Weapons
 o - a +2 hand axe of electrocution (weapon)
Missiles
 r - 24 poisoned darts
 t - 5 boomerangs of dispersal
Armour
 k - a +0 pair of gloves (worn)
 D - a +2 cloak (worn)
Jewellery
 e - a +6 ring of intelligence (right hand)
 n - an amulet of magic regeneration (around neck)
 z - a ring of wizardry (left hand)
 C - an uncursed ring of flight
Wands
 w - a wand of iceblast (20)
 x - a wand of polymorph (10)
Scrolls
 b - 7 scrolls of identify
 c - 7 scrolls of amnesia
 f - 3 scrolls of immolation {unknown}
 h - 8 scrolls of teleportation
 i - a scroll of fog {unknown}
 j - 5 scrolls of enchant armour {unknown}
 m - 6 scrolls of remove curse
 q - 2 scrolls of blinking {unknown}
 y - 3 scrolls of magic mapping {unknown}
 B - 2 scrolls of vulnerability {unknown}
 F - a scroll of noise {unknown}
 G - a scroll of acquirement {unknown}
Potions
 a - 2 potions of heal wounds
 d - 5 potions of curing
 g - 6 potions of attraction
 l - 3 potions of haste
 p - a potion of lignification
 s - 2 potions of mutation
 u - 3 potions of cancellation
 v - 2 potions of flight
 A - a potion of invisibility
 E - a potion of brilliance
 H - a potion of berserk rage


   Skills:
 - Level 7.7 Fighting
 + Level 3.3 Dodging
 - Level 1.7 Stealth
 * Level 9.4 Spellcasting
 * Level 11.0 Conjurations
 + Level 3.6 Fire Magic


You had 24 spell levels left.
You knew the following spells:

 Your Spells              Type           Power        Failure   Level
a - Magic Dart            Conj           ####         1%          1
b - Searing Ray           Conj           ######       1%          2

Your spell library contained the following spells:

 Spells                   Type           Power        Failure   Level
 Mephitic Cloud           Conj/Pois/Air  ####....     1%          3
 Dazzling Flash           Conj/Hex       #####.       1%          3
 Fulminant Prism          Conj/Hex       #####.....   1%          4
 Iskenderun's Mystic Bla  Conj/Tloc      #####...     1%          4


Dungeon Overview and Level Annotations

Branches:
Dungeon (10/15)            Temple (1/1) D:7            Lair (0/6) D:10
  Sewer (visited)
    Orc: D:9-12

Altars:
Ashenzari
Cheibriados
Dithmenos
Elyvilon
Fedhas
Gozag
Hepliaklqana
Kikubaaqudgha
Makhleb
Nemelex Xobeh
Okawaru
Qazlal
Ru
Sif Muna
Trog
Uskayaw
Vehumet
Wu Jian
Xom
Yredelemnul
Zin
The Shining One

Shops:
D:4 =   D:8 [   D:9 !


Innate Abilities, Weirdness & Mutations

You can breathe blasts of noxious fumes.
Your lurid green scales are hard. (AC +7)
You cannot fit into any form of body armour.
Your system is resistant to poisons. (rPois)
You are cold-blooded and may be slowed by cold attacks.


Message History

The searing ray hits the skeletal warrior but does no damage.
The skeletal warrior is heavily damaged.
The skeletal warrior hits you with a +0 battleaxe!
* * * LOW HITPOINT WARNING * * *
The searing ray hits the skeletal warrior.
The skeletal warrior is severely damaged.
The searing ray hits the skeletal warrior.
The skeletal warrior is severely damaged.
You finish channeling your searing ray.
The skeletal warrior hits you but does no damage.
Casting: Searing Ray (safe; 1% risk of failure)
Confirm with . or Enter, or press ? or * to list all spells.
Aiming: Searing Ray (safe; 1% risk of failure)
Press: ? - help, Shift-Dir - straight line, f/p - skeletal warrior
Aim: a skeletal warrior, wielding a +0 battleaxe (heavily damaged)
The searing ray hits the skeletal warrior!
The skeletal warrior is severely damaged. (Press . to maintain the ray.)
The skeletal warrior hits you with a +0 battleaxe!!
You die...

..#....................# ####
..#.........#######....#
###.........# ####.##
............# #..# [...........#
#..# ...........## #..# #######
...........# #..# #......
...........###########..###......
#...............@z...............
#...............########.........
###############.# #......... #.#
#......... #.# #......... #.#
#......>.. ### #......###
########


You could see a skeletal warrior.

Vanquished Creatures
  2 skeletal warriors
  A komodo dragon (D:9)
  A troll (D:10)
  5 yaks (D:9)
  3 wyverns
  An orc warrior (D:5)
  An eye of draining (D:8)
  A black bear (D:8)
  5 ogres
  2 phantoms
  2 centaurs
  4 big kobolds
  2 bullfrogs
  A wyvern zombie (D:9)
  A water moccasin zombie (D:6)
  3 scorpions
  7 killer bees
  12 wights
  6 howler monkeys
  2 centaur zombies
  A bullfrog zombie (D:6)
  5 hounds
  2 jellies
  3 bullfrog skeletons
  A gnoll shaman (D:4)
  5 iguanas
  11 orc wizards
  9 orc priests
  5 worker ants
  A killer bee zombie (D:8)
  2 hound zombies
  Robin (D:4)
  8 gnolls
  A worker ant zombie (D:8)
  14 adders
  2 river rats
  A shadow imp (D:9)
  4 white imps
  2 ufetubi
  3 oozes
  An adder skeleton (D:9)
  3 worms
  A dart slug (D:3)
  5 leopard geckos
  36 orcs
  2 ball pythons
  7 giant cockroaches
  13 goblins
  7 hobgoblins
  6 jackals
  2 quokkas
  2 bats (D:1)
  4 frilled lizards
  21 kobolds
  A leopard gecko skeleton (D:4)
  11 rats
265 creatures vanquished.

Notes
Turn   | Place    | Note
-------+----------+-------------------------------------------
     0 | D:1      | streetpizza the Draconian Conjurer began the quest for the
                  | Orb.
     0 | D:1      | Reached XP level 1. HP: 14/14 MP: 3/3
   215 | D:1      | Reached XP level 2. HP: 20/20 MP: 3/5
   241 | D:1      | Learned a level 2 spell: Searing Ray
   738 | D:1      | Reached XP level 3. HP: 22/26 MP: 6/6
  1245 | D:2      | Found a white marble altar of Elyvilon.
  1860 | D:3      | Reached XP level 4. HP: 16/33 MP: 3/7
  1863 | D:3      | Reached skill level 5 in Conjurations
  2253 | D:3      | Found a snail-covered altar of Cheibriados.
  2351 | D:3      | Reached XP level 5. HP: 26/38 MP: 9/9
  2908 | D:4      | Noticed a phantom
  2928 | D:4      | Killed a phantom
  2929 | D:4      | Reached skill level 1 in Fighting
  2929 | D:4      | Reached XP level 6. HP: 31/47 MP: 4/11
  3017 | D:4      | Reached skill level 6 in Conjurations
  3119 | D:4      | Found Owisacux's Jewellery Shop.
  3454 | D:4      | Noticed Robin
  3461 | D:4      | Killed Robin
  3664 | D:4      | Your scales start taking on a lurid green colour.
  3664 | D:4      | Reached XP level 7. HP: 55/55 MP: 9/13
  3664 | D:4      | Gained mutation: Your system is resistant to poisons.
                  | (rPois) [Green Draconian growth]
  3794 | D:5      | Entered Level 5 of the Dungeon
  4481 | D:5      | Found a shadowy altar of Dithmenos.
  4499 | D:5      | Reached skill level 7 in Conjurations
  4797 | D:5      | Reached skill level 5 in Spellcasting
  4824 | D:5      | Found a glowing golden altar of the Shining One.
  5180 | D:6      | Found a glowing drain.
  5185 | Sewer    | Entered a sewer
  5279 | Sewer    | Reached XP level 8. HP: 63/63 MP: 12/16
  5332 | Sewer    | Found a glowing silver altar of Zin.
  6059 | D:6      | Found a basalt altar of Yredelemnul.
  6059 | D:6      | Found a hide-covered altar of Uskayaw.
  6060 | D:6      | Found a blossoming altar of Fedhas.
  6060 | D:6      | Found a shadowy altar of Dithmenos.
  6060 | D:6      | Found a sacrificial altar of Ru.
  6060 | D:6      | Found a bloodstained altar of Trog.
  6061 | D:6      | Found an iron altar of Okawaru.
  6441 | D:6      | Reached skill level 8 in Conjurations
  7272 | D:7      | Found a staircase to the Ecumenical Temple.
  7322 | Temple   | Entered the Ecumenical Temple
  7392 | Temple   | Became a worshipper of Vehumet
  7443 | D:7      | Reached XP level 9. HP: 66/73 MP: 10/19
  7549 | D:7      | Reached skill level 5 in Fighting
  7845 | D:7      | Reached skill level 9 in Conjurations
  8559 | D:8      | Found a hide-covered altar of Uskayaw.
  8656 | D:8      | Reached * piety under Vehumet
  8656 | D:8      | Offered knowledge of Shock by Vehumet.
  9196 | D:8      | Found Begaecsi's Antique Armour Shoppe.
  9298 | D:8      | Found a broken altar of Ashenzari.
  9470 | D:9      | Noticed a komodo dragon
  9498 | D:9      | Reached skill level 1 in Fire Magic
  9704 | D:9      | Reached ** piety under Vehumet
  9714 | D:9      | Offered knowledge of Freeze by Vehumet.
  9793 | D:9      | Killed a komodo dragon
  9794 | D:9      | Reached skill level 10 in Conjurations
  9794 | D:9      | Reached XP level 10. HP: 33/84 MP: 16/22
 10963 | D:9      | Found a sparkling altar of Nemelex Xobeh.
 10983 | D:9      | Found Zaref's Distillery.
 11171 | D:9      | Bought a potion of degeneration for 17 gold pieces
 11218 | D:10     | Entered Level 10 of the Dungeon
 11332 | D:10     | Noticed a skeletal warrior
 11348 | D:10     | Killed a skeletal warrior
 11617 | D:10     | Noticed a skeletal warrior
 11617 | D:10     | Noticed a skeletal warrior
 12162 | D:10     | Noticed a skeletal warrior
 12164 | D:10     | Noticed a skeletal warrior
 12181 | D:9      | Killed a skeletal warrior
 12470 | D:10     | Offered knowledge of Mephitic Cloud by Vehumet.
 12481 | D:10     | Reached skill level 11 in Conjurations
 12486 | D:10     | Found a staircase to the Lair.
 12569 | D:9      | Slain by a skeletal warrior

Illustrated notes

Levels and vault maps discovered:
D:1:      mrwooster_arrival_statue_3, layout_basic, minmay_misc_feat_cross
D:2:      layout_basic, elyvilon_altar_1, minmay_circled_x
D:3:      layout_basic, nicolae_overflow_crystal_walls,
          hangedman_abyss_or_decor_stabs
D:4:      layout_loops_ring, serial_shops, nicolae_shop_crystal, uniq_robin
D:5:      layout_basic, old_standard_altar, grunt_dithmenos_smoke_and_mirrors
D:6:      layout_loops_ring, grunt_temple_overflow_open,
          lightli_sewer_entry_pipes
D:7:      layout_basic, minmay_temple_entry_large_hall,
          corexii_leaking_fountain, kennysheep_generic_room_9
D:8:      layout_rooms, nicolae_ashenzari_panopticon, basic_altar, serial_shops,
          kennysheep_little_box
D:9:      layout_irregular_city, nemelex_xobeh_ov_fountains_minmay,
          serial_shops, shop_fountains
D:10:     layout_loops_cross, lair_entry_dummy, corexii_checkpoint_a
Temple:   eino_wide_crystal_templ

Skill      XL: |  1  2  3  4  5  6  7  8  9 10 |
---------------+-------------------------------+-----
Dodging        | 2 3 |  3.3
Conjurations   | 5 6 7 8 10 11 | 11.0
Spellcasting   | 3 4 5 6 8 9 |  9.4
Fighting       | 1 2 3 4 6 7 |  7.7
Fire Magic     | 1 3 |  3.6
Stealth        | |  1.7

Action                   |  1- 3 |  4- 6 |  7- 9 | 10-12 || total
-------------------------+-------+-------+-------+-------++-------
Melee: Unarmed           |    17 |       |       |       ||    17
       Tailslap          |     5 |     1 |    25 |     2 ||    33
       Hand axe          |    55 |    57 |   338 |    39 ||   489
 Cast: Magic Dart        |    19 |       |     6 |       ||    25
       Searing Ray       |     6 |    16 |    36 |    36 ||    94
 Abil: Breathe Noxious F |       |       |     2 |     1 ||     3
  Use: Potion            |       |       |     2 |       ||     2
       Scroll            |       |       |    15 |       ||    15
 Stab: Sleeping          |     3 |     1 |     2 |       ||     6
       Distracted        |     1 |       |       |       ||     1
Armor: Skin              |    33 |    21 |   158 |    30 ||   242
Dodge: Dodged            |    65 |    47 |   276 |    67 ||   455

Table legend: (Time is in decaauts)
 A = Elapsed time spent in this place.
 B = Non-inter-level travel time spent in this place.
 C = Inter-level travel time spent in this place.
 D = Time resting spent in this place.
 E = Time spent auto-exploring this place.
 F = Levels seen in this place.
 G = Mean time per level.
                   A        B        C        D        E       F      G
               +--------+--------+--------+--------+--------+-----+--------+
         Total |  12786 |  12401 |    385 |    846 |   9194 |  12 | 1065.5 |
       Dungeon |  12465 |  12106 |    359 |    846 |   8982 |  10 | 1246.5 |
        Temple |     77 |     51 |     26 |      0 |     49 |   1 |   77.0 |
         Sewer |    243 |    243 |      0 |      0 |    162 |   1 |  243.0 |
               +--------+--------+--------+--------+--------+-----+--------+

Top non-repeatable levels by time:
     D:9: 2370 daAuts
     D:7: 1675 daAuts
     D:6: 1570 daAuts
     D:5: 1254 daAuts
     D:4: 1117 daAuts
     D:8: 1018 daAuts
     D:3: 975 daAuts
     D:1: 904 daAuts
     D:2: 826 daAuts
    D:10: 751 daAuts
   Sewer: 243 daAuts
  Temple: 77 daAuts
